 Dungeon Crawl Stone Soup version 0.27-a0-1579-g97d2440184 (webtiles) character file.

Game seed: 8347121863838796915

28 elagabalus the Chucker (level 3, 10/37 HPs)
             Began as an Ogre Hunter on July 18, 2021.
             Quit the game on level 2 of the Dungeon.
             The game lasted 00:08:28 (1018 turns).

elagabalus the Chucker (Ogre Hunter)                Turns: 1018, Time: 00:08:29

Health: 10/37      AC:  3    Str: 17    XL:     3   Next: 14%
Magic:  3/3        EV: 10    Int: 12    God:
Gold:   159        SH:  0    Dex:  9    Spells: 2/2 levels left

rFire    . . .     SeeInvis .   a - +0 short sword
rCold    . . .     Faith    .   (no shield)
rNeg     . . .     Spirit   .   b - +0 robe
rPois    .         Reflect  .   (helmet restricted)
rElec    .         Harm     .   (no cloak)
rCorr    .         Rampage  .   (gloves unavailable)
Will     .....                  (boots unavailable)
Stlth    +.........             (no amulet)
HPRegen  0.12/turn              (no ring)
MPRegen  0.08/turn              (no ring)

@: no status effects
A: large, unfitting armour, tough skin 1
a: no special abilities


You were on level 2 of the Dungeon.
You visited 1 branch of the dungeon, and saw 2 of its levels.

You collected 159 gold pieces.

Inventory:

Hand Weapons
 a - a +0 short sword (weapon)
Missiles
 c - 5 large rocks (quivered)
 d - 2 throwing nets
Armour
 b - a +0 robe (worn)
Scrolls
 e - a scroll of fog
Potions
 f - a potion of attraction {unknown}
 i - a potion of lignification {unknown}


   Skills:
 - Level 3.0 Fighting
 + Level 4.7 Throwing
 - Level 2.0 Dodging
 - Level 1.0 Stealth


You had 2 spell levels left.
You didn't know any spells.
Your spell library was empty.

Dungeon Overview and Level Annotations

Branches:
Dungeon (2/15)

Altars:


Innate Abilities, Weirdness & Mutations

You are too large for most types of armour.
You have tough skin. (AC +1)


Message History

You hit the adder.
The adder is lightly wounded.
You feel sick.
You are no longer poisoned.
The adder barely misses you.
You hit the adder.
The adder is moderately wounded.
The adder bites you.
You closely miss the adder.
The adder is moderately wounded.
The adder bites you but does no damage. x2
You barely miss the adder.
The adder is moderately wounded.
The adder bites you.
You hit the adder but do no damage.
The adder is moderately wounded.
The adder bites you. x2
You closely miss the adder.
The adder is moderately wounded.
The adder bites you.
* * * LOW HITPOINT WARNING * * *
You are poisoned.
The adder poisons you!
Throw: 5 large rocks
Press: ? - help, Q - select action, (/) - cycle Shift-Dir - straight line, f - adder
Aim: an adder (purple smoke, moderately wounded, 38% to hit)
You throw a large rock. The large rock hits the adder!!
You kill the adder!
You feel sick.
You have reached level 3!
Your experience leads to an increase in your attributes!
Increase (S)trength, (I)ntelligence, or (D)exterity?
You feel stronger. x2
You feel sick.
c - 5 large rocks (gained 1)
You feel sick.
You feel sick.
You feel sick.
You are no longer poisoned.
Are you sure you want to abandon this character and quit the game? (Confirm with "yes".)

#..
#.#
#.#
#.#
#.#
#.#
#.#
#@#
#.#
#.#
#.#
#.#
#<#
###


There were no monsters in sight!

Vanquished Creatures
  An adder (D:2)
  2 endoplasms (D:1)
  A giant cockroach (D:1)
  3 hobgoblins (D:1)
  2 quokkas (D:1)
  4 ball pythons (D:1)
  A bat (D:1)
  A frilled lizard (D:1)
  3 kobolds (D:1)
18 creatures vanquished.

Vanquished Creatures (others)
  2 toadstools (D:1)
2 creatures vanquished.

Grand Total: 20 creatures vanquished

Notes
Turn   | Place    | Note
-------+----------+-------------------------------------------
     0 | D:1      | elagabalus the Ogre Hunter began the quest for the Orb.
     0 | D:1      | Reached XP level 1. HP: 22/22 MP: 1/1
   200 | D:1      | Found a faded altar of an unknown god.
   372 | D:1      | Reached skill level 1 in Stealth
   372 | D:1      | Reached XP level 2. HP: 28/29 MP: 2/2
   979 | D:2      | Reached XP level 3. HP: 9/37 MP: 3/3
  1018 | D:2      | Quit the game

Illustrated notes

Levels and vault maps discovered:
D:1:      matt_arrival_diagonals, layout_loops_corners,
          hellmonk_ecumenical_altar_heavens_door, minmay_gold_behind_fungi
D:2:      layout_basic, minmay_quadrilaterals

Skill      XL: |  1  2 |
---------------+-------+-----
Stealth        | 1 |  1.0
Fighting       | 3 |  3.0
Dodging        | 2 |  2.0
Throwing       | |  4.7

Action                   || total
-------------------------++-------
Melee: Short sword       ||    64
Throw: Large rock        ||     7
  Use: Scroll            ||     3
 Stab: Sleeping          ||     2
Armor: Robe              ||    19
Dodge: Dodged            ||    25

Table legend: (Time is in decaauts)
 A = Elapsed time spent in this place.
 B = Non-inter-level travel time spent in this place.
 C = Inter-level travel time spent in this place.
 D = Time resting spent in this place.
 E = Time spent auto-exploring this place.
 F = Levels seen in this place.
 G = Mean time per level.
                   A        B        C        D        E       F      G
               +--------+--------+--------+--------+--------+-----+--------+
         Total |   1029 |    237 |    792 |      0 |      0 |   2 |  514.5 |
       Dungeon |   1029 |    237 |    792 |      0 |      0 |   2 |  514.5 |
               +--------+--------+--------+--------+--------+-----+--------+

Top non-repeatable levels by time:
     D:1: 968 daAuts
     D:2: 61 daAuts
